 Dungeon Crawl Stone Soup version 0.18.1-50-g88ac8fd (webtiles) character file.

87 hellschwarz the Slasher (level 4, -1/40 HPs)
             Began as a Naga Gladiator on Sept 14, 2016.
             Slain by drd's ghost (6 damage)
             ... on level 3 of the Dungeon.
             The game lasted 00:12:02 (1989 turns).

hellschwarz the Slasher (Naga Gladiator)            Turns: 1989, Time: 00:12:02

Health: -1/40      AC:  5    Str: 24    XL:     4   Next: 51%
Magic:  4/4        EV:  9    Int:  8    God:
Gold:   117        SH:  3    Dex: 11    Spells: 0 memorised, 3 levels left

rFire  . . .     SeeInvis +     a - +1 long sword
rCold  . . .     Gourm    .     b - +0 leather armour
rNeg   . . .     Faith    .     m - +0 buckler
rPois  +         Spirit   .     c - +0 helmet
rElec  .         Dismiss  .     (no cloak)
rCorr  .         Reflect  .     n - +0 pair of gloves
SustAt .         Harm     .     (no barding)
MR     +....                    (no amulet)
Stlth  ++........               l - ring of protection from magic
                                j - +3 ring of strength

@: very slow, somewhat resistant to hostile enchantments, unstealthy
A: molten scales 1, see invisible, deformed body, poison resistance, slowness 2,
slow metabolism 1, spit poison 2, strong 1, AC +1
a: Spit Poison


You were on level 3 of the Dungeon.
You were not hungry.

You visited 1 branch of the dungeon, and saw 3 of its levels.

You collected 117 gold pieces.

Inventory:

Hand Weapons
 a - a +1 long sword (weapon)
Missiles
 d - 3 throwing nets (quivered)
Armour
 b - a +0 leather armour (worn)
 c - a +0 helmet (worn)
 m - a +0 buckler (worn)
 n - a +0 pair of gloves (worn)
Jewellery
 j - a +3 ring of strength (left hand)
 l - a ring of protection from magic (right hand)
Scrolls
 i - a scroll of identify
 k - 3 scrolls of teleportation
 o - a scroll of recharging
Potions
 e - a potion of lignification
 g - 2 potions of might
 h - 3 potions of curing
Comestibles
 f - 2 bread rations


   Skills:
 * Level 2.7 Fighting
 + Level 3.4 Long Blades
 - Level 1.7 Throwing
 + Level 3.2 Dodging
 * Level 2.7 Stealth
 * Level 0.1 Shields


You had 3 spell levels left.
You didn't know any spells.

Dungeon Overview and Level Annotations

Branches:
Dungeon (3/15)

Altars:

Annotations:
D:3 drd's ghost, amateur DsBe


Innate Abilities, Weirdness & Mutations

You cannot wear boots.
Your serpentine skin is tough (AC +1).
You have supernaturally acute eyesight.
Armour fits poorly on your strangely shaped body.
Your system is resistant to poisons.
You cover ground very slowly.
You have a slow metabolism.
You can spit poison.
You are partially covered in molten scales (AC +1).
Your muscles are strong. (Str +2)


Message History

Drd's ghost hits you! The adder bites you.
Your shield prevents you from hitting drd's ghost.
Drd's ghost is lightly damaged.
The adder closely misses you.
Drd's ghost hits you but does no damage.
The adder bites you but does no damage. Drd's ghost hits you!
* * * LOW HITPOINT WARNING * * *
You are too injured to fight recklessly!
You are too injured to fight recklessly!
You feel better. The adder bites you but does no damage.
Drd's ghost barely misses you.
You hit drd's ghost.
Drd's ghost is lightly damaged.
The adder barely misses you. The adder bites you but does no damage.
Drd's ghost hits you!
* * * LOW HITPOINT WARNING * * *
Your shield prevents you from hitting drd's ghost.
Drd's ghost is lightly damaged.
The adder barely misses you. Drd's ghost hits you.
You die...

#......... #...### #.........
#####......## #.........
.##....>=.....########........
.................).........)##
..#..............####...#.....
................##..#.#.....
#.##..........##.....##......(
#.....?#####S@.....##........<
##....####W......#.........
#......W...................
#.##..........##........... #
#..........# ##.........
#..........# #.........
#.......)...............
..............(#.#..###...
#................##. #...


You could see drd's ghost and an adder.

Vanquished Creatures
  3 adders (D:2)
  An ooze (D:1)
  3 dart slugs (D:1)
  A giant gecko (D:1)
  11 goblins
  12 hobgoblins
  4 bats
  2 giant newts (D:1)
  3 kobolds
  6 rats
46 creatures vanquished.

Notes
Turn   | Place    | Note
--------------------------------------------------------------
     0 | D:1      | hellschwarz the Naga Gladiator began the quest for the Orb.
     0 | D:1      | Reached XP level 1. HP: 19/19 MP: 1/1
   328 | D:1      | Reached XP level 2. HP: 26/26 MP: 2/2
   588 | D:1      | Reached skill level 1 in Stealth
   855 | D:1      | Reached XP level 3. HP: 24/33 MP: 3/3
  1397 | D:2      | Gained mutation: Your muscles are strong. (Str +2) [potion of mutation]
  1397 | D:2      | Gained mutation: You are partially covered in molten scales (AC +1). [potion of mutation]
  1484 | D:2      | Reached XP level 4. HP: 36/40 MP: 4/4
  1972 | D:3      | Noticed drd's ghost (amateur DsBe)
  1989 | D:3      | Slain by drd's ghost

Skill      XL: |  1  2  3 |
---------------+----------+-----
Stealth        | 1 2 |  2.7
Dodging        | 3 |  3.2
Fighting       | |  2.7
Long Blades    | |  3.4
Throwing       | |  1.7
Shields        | |  0.1

Action                   |  1- 3 |  4- 6 || total
-------------------------+-------+-------++-------
Melee: Long sword        |    97 |    48 ||   145
 Abil: Spit Poison       |     3 |     1 ||     4
  Use: Potion            |     4 |     1 ||     5
       Scroll            |     6 |     2 ||     8
 Stab: Sleeping          |     1 |     1 ||     2
  Eat: Bread ration      |       |     1 ||     1
Armor: Leather armour    |    23 |    20 ||    43
       Skin              |    10 |       ||    10
Dodge: Dodged            |    56 |    24 ||    80
Block: Buckler           |       |     4 ||     4
